3876 views
Uploaded 2020-03-17 22:51:19
Game version 1.32.2
43:48 long 4on4 ladder game on (8)Feralas_LV
Saved by BEARAND
3876 views
Uploaded 2020-03-17 22:51:19
Game version 1.32.2
43:48 long 4on4 ladder game on (8)Feralas_LV


123 units @ 12.6k
/ 1.2k
230 buildings @ 24.1k
/ 11.2k



| Orb of Venom | 3 | 975 |
| Staff of Preservation | 2 | 300 |
| Boots of Speed | 3 | 750 |
| Staff of Teleportation | 3 | 450 |
| Circlet of Nobility | 1 | 175 |
| Staff of Sanctuary | 1 | 250 |
| total: | 13 | 2900g |
| Wisp | 36 | 2160 | / | 0 |
| total: | 36 | 2160g | / | 0w |
| Altar of Elders | 1 | 180 | / | 50 |
| Moon Well | 23 | 4140 | / | 920 |
| Tree of Life | 6 | 2040 | / | 1110 |
| Ancient of Wonders | 4 | 360 | / | 120 |
| Hunter's Hall | 1 | 210 | / | 100 |
| Tree of Ages | 1 | 320 | / | 180 |
| Tree of Eternity | 1 | 330 | / | 200 |
| total: | 35 | 6930g | / | 2300w |
| 0:01 | Wisp |
| 0:07 | Altar of Elders |
| 0:08 | Wisp |
| 0:19 | Moon Well |
| 0:24 | Wisp |
| 0:35 | Wisp |
| 0:49 | Wisp |
| 0:58 | Wisp |
| 1:14 | Wisp |
| 1:24 | Wisp |
| 1:32 | Wisp |
| 1:47 | Wisp |
| 1:52 | Moon Well |
| 1:58 | Wisp |
| 2:10 | Entangling Roots |
| 2:21 | Wisp |
| 2:47 | Wisp |
| 2:54 | Moon Well |
| 2:59 | Wisp |
| 3:17 | Wisp |
| 3:36 | Moon Well |
| 3:42 | Wisp |
| 4:15 | Wisp |
| 4:17 | Moon Well |
| 4:18 | Wisp |
| 4:31 | Thorns Aura |
| 4:39 | Moon Well |
| 5:34 | Tree of Ages |
| 5:40 | Moon Well |
| 6:09 | Tree of Life |
| 7:13 | Tree of Life |
| 7:55 | Wisp |
| 7:56 | Wisp |
| 8:11 | Wisp |
| 8:23 | Wisp |
| 8:24 | Wisp |
| 8:47 | Wisp |
| 9:16 | Wisp |
| 9:27 | Black Arrow |
| 9:53 | Wisp |
| 9:53 | Wisp |
| 9:53 | Wisp |
| 9:53 | Wisp |
| 10:21 | Moon Well |
| 10:25 | Wisp |
| 10:51 | Tree of Eternity |
| 11:04 | Wisp |
| 11:05 | Wisp |
| 11:05 | Wisp |
| 11:05 | Wisp |
| 11:47 | Boots of Speed |
| 12:04 | Ancient of Wonders |
| 12:07 | Ancient of Wonders |
| 12:08 | Ancient of Wonders |
| 12:17 | Staff of Teleportation |
| 13:28 | Entangling Roots |
| 13:48 | Boots of Speed |
| 13:54 | Moon Well |
| 13:58 | Tree of Life |
| 14:01 | Tree of Life |
| 14:21 | Moon Well |
| 14:35 | Hunter's Hall |
| 15:01 | Moon Well |
| 15:06 | Tree of Life |
| 15:26 | Moon Well |
| 16:15 | Well Spring |
| 16:17 | Wisp |
| 16:21 | Moon Well |
| 16:40 | Moon Well |
| 16:51 | Ancient of Wonders |
| 16:53 | Orb of Venom |
| 16:54 | Orb of Venom |
| 16:54 | Staff of Preservation |
| 17:42 | Moon Well |
| 18:59 | Moon Well |
| 19:00 | Moon Well |
| 19:01 | Moon Well |
| 19:10 | Wisp |
| 21:44 | Trueshot Aura |
| 22:16 | Staff of Sanctuary |
| 22:20 | Staff of Teleportation |
| 22:31 | Orb of Venom |
| 22:32 | Staff of Preservation |
| 23:12 | Boots of Speed |
| 24:24 | Staff of Teleportation |
| 24:54 | Silence |
| 26:30 | Thorns Aura |
| 34:20 | Circlet of Nobility |
| 34:49 | Silence |
| 35:43 | Scout |
| 35:59 | Moon Well |
| 36:00 | Moon Well |
| 41:29 | Entangling Roots |
| 42:14 | Trueshot Aura |
| 42:23 | Life Drain |
| 44:08 | Tree of Life |
| 44:13 | Moon Well |
| 44:14 | Moon Well |
| 44:14 | Moon Well |
| Right click | 3021 |
| Select group | 1139 |
| Chat | 453 |
| Select | 385 |
| Assign group | 384 |
| Resource trade | 243 |
| Build/train/purchase | 218 |
| Use ability | 125 |
| Misc. action | 45 |
| Item give/drop | 6 |
| Remove unit | 1 |



| Rod of Necromancy | 1 | 150 |
| Orb of Corruption | 2 | 750 |
| Potion of Invisibility | 1 | 100 |
| Staff of Teleportation | 3 | 450 |
| Periapt of Vitality | 1 | 325 |
| Boots of Speed | 1 | 250 |
| Staff of Sanctuary | 3 | 750 |
| Healing Salve | 1 | 100 |
| Orb of Lightning | 1 | 375 |
| total: | 14 | 3250g |
| Acolyte | 8 | 600 | / | 0 |
| Ghoul | 12 | 1440 | / | 0 |
| Obsidian Statue | 2 | 400 | / | 70 |
| Forest Troll Berserker | 1 | 245 | / | 30 |
| total: | 23 | 2685g | / | 100w |
| Nerubian Tower | 2 | 200 | / | 40 |
| Crypt | 1 | 200 | / | 50 |
| Altar of Darkness | 1 | 180 | / | 50 |
| Ziggurat | 5 | 750 | / | 250 |
| Tomb of Relics | 2 | 260 | / | 60 |
| Necropolis | 4 | 900 | / | 0 |
| Graveyard | 1 | 215 | / | 0 |
| Sacrificial Pit | 1 | 75 | / | 150 |
| Slaughterhouse | 2 | 280 | / | 270 |
| Halls of the Dead | 1 | 320 | / | 210 |
| Black Citadel | 1 | 325 | / | 230 |
| total: | 17 | 2860g | / | 830w |
| 0:01 | Acolyte |
| 0:10 | Crypt |
| 0:13 | Altar of Darkness |
| 0:14 | Acolyte |
| 0:23 | Ziggurat |
| 1:04 | Ziggurat |
| 1:12 | Ghoul |
| 1:12 | Ghoul |
| 1:16 | Ghoul |
| 1:33 | Ghoul |
| 1:49 | Ghoul |
| 2:07 | Tomb of Relics |
| 2:10 | Tomb of Relics |
| 2:11 | Acolyte |
| 2:13 | Death Coil |
| 2:18 | Ghoul |
| 2:38 | Ghoul |
| 2:54 | Ghoul |
| 2:59 | Acolyte |
| 3:00 | Acolyte |
| 3:13 | Ghoul |
| 3:16 | Rod of Necromancy |
| 3:20 | Ziggurat |
| 3:57 | Unholy Aura |
| 4:43 | Ghoul |
| 4:44 | Ghoul |
| 4:54 | Ghoul |
| 4:59 | Death Coil |
| 5:04 | Necropolis |
| 5:07 | Necropolis |
| 5:19 | Halls of the Dead |
| 6:53 | Forest Troll Berserker |
| 7:24 | Acolyte |
| 7:24 | Acolyte |
| 7:44 | Acolyte |
| 8:14 | Black Citadel |
| 8:29 | Ziggurat |
| 8:32 | Ziggurat |
| 8:50 | Frost Nova |
| 9:40 | Nerubian Tower |
| 9:41 | Nerubian Tower |
| 10:22 | Sacrificial Pit |
| 10:27 | Graveyard |
| 10:43 | Orb of Corruption |
| 11:56 | Potion of Invisibility |
| 11:59 | Staff of Teleportation |
| 12:28 | Staff of Sanctuary |
| 12:52 | Orb of Corruption |
| 14:36 | Staff of Sanctuary |
| 16:28 | Staff of Teleportation |
| 16:28 | Periapt of Vitality |
| 16:32 | Silence |
| 16:38 | Healing Salve |
| 16:48 | Unholy Aura |
| 17:56 | Staff of Teleportation |
| 17:56 | Boots of Speed |
| 18:23 | Orb of Lightning |
| 18:37 | Frost Armor |
| 19:48 | Staff of Sanctuary |
| 22:29 | Slaughterhouse |
| 22:30 | Slaughterhouse |
| 23:52 | Obsidian Statue |
| 23:52 | Obsidian Statue |
| 24:45 | Life Drain |
| 26:29 | Frost Nova |
| 31:01 | Silence |
| 39:12 | Death Coil |
| 39:55 | Web |
| 39:56 | Creature Attack |
| 40:30 | Life Drain |
| 41:44 | Frost Armor |
| 43:32 | Necropolis |
| 43:34 | Necropolis |
| Right click | 3611 |
| Select | 1307 |
| Select group | 940 |
| Assign group | 351 |
| Chat | 182 |
| Use ability | 160 |
| Build/train/purchase | 141 |
| Resource trade | 58 |
| Misc. action | 54 |
| Minimap ping | 11 |
| Item give/drop | 3 |
| Remove unit | 1 |



| Staff of Sanctuary | 3 | 750 |
| Potion of Healing | 1 | 150 |
| Potion of Mana | 1 | 200 |
| Boots of Speed | 3 | 750 |
| Staff of Teleportation | 5 | 750 |
| Periapt of Vitality | 2 | 650 |
| Healing Salve | 1 | 100 |
| Orb of Venom | 1 | 325 |
| Orb of Corruption | 1 | 375 |
| total: | 18 | 4050g |
| Peasant | 24 | 1800 | / | 0 |
| Priest | 1 | 135 | / | 10 |
| Dragonhawk Rider | 9 | 1800 | / | 270 |
| total: | 34 | 3735g | / | 280w |
| Scout Tower | 91 | 2730 | / | 1820 |
| Arcane Tower | 6 | 420 | / | 300 |
| Guard Tower | 113 | 7910 | / | 5650 |
| Altar of Kings | 1 | 180 | / | 50 |
| Farm | 6 | 480 | / | 120 |
| Lumber Mill | 1 | 120 | / | 0 |
| Town Hall | 1 | 385 | / | 205 |
| Arcane Vault | 4 | 520 | / | 120 |
| Blacksmith | 1 | 140 | / | 60 |
| Barracks | 1 | 160 | / | 60 |
| Arcane Sanctum | 1 | 150 | / | 140 |
| Gryphon Aviary | 2 | 280 | / | 300 |
| Keep | 2 | 640 | / | 420 |
| Castle | 1 | 360 | / | 210 |
| total: | 109 | 5145g | / | 2875w |
| 0:04 | Peasant |
| 0:04 | Peasant |
| 0:07 | Altar of Kings |
| 0:21 | Farm |
| 0:22 | Peasant |
| 0:36 | Lumber Mill |
| 0:41 | Peasant |
| 1:06 | Peasant |
| 1:27 | Scout Tower |
| 1:31 | Scout Tower |
| 1:33 | Peasant |
| 1:36 | Farm |
| 1:37 | Peasant |
| 1:37 | Peasant |
| 1:47 | Scout Tower |
| 1:50 | Peasant |
| 1:50 | Peasant |
| 1:53 | Scout Tower |
| 1:54 | Arcane Tower |
| 1:57 | Scout Tower |
| 1:59 | Arcane Tower |
| 2:00 | Scout Tower |
| 2:03 | Scout Tower |
| 2:04 | Peasant |
| 2:09 | Blizzard |
| 2:14 | Arcane Tower |
| 2:16 | Scout Tower |
| 2:19 | Guard Tower |
| 2:23 | Scout Tower |
| 2:29 | Guard Tower |
| 2:49 | Scout Tower |
| 2:57 | Guard Tower |
| 2:58 | Scout Tower |
| 3:00 | Guard Tower |
| 3:02 | Scout Tower |
| 3:07 | Guard Tower |
| 3:07 | Guard Tower |
| 3:08 | Scout Tower |
| 3:10 | Scout Tower |
| 3:11 | Scout Tower |
| 3:36 | Guard Tower |
| 3:54 | Scout Tower |
| 4:22 | Scout Tower |
| 4:23 | Scout Tower |
| 4:28 | Guard Tower |
| 4:28 | Guard Tower |
| 4:30 | Scout Tower |
| 4:31 | Scout Tower |
| 4:31 | Scout Tower |
| 4:32 | Scout Tower |
| 4:33 | Guard Tower |
| 4:35 | Scout Tower |
| 4:51 | Town Hall |
| 4:53 | Scout Tower |
| 4:54 | Scout Tower |
| 4:54 | Scout Tower |
| 4:55 | Scout Tower |
| 4:55 | Scout Tower |
| 4:56 | Guard Tower |
| 4:57 | Scout Tower |
| 4:58 | Scout Tower |
| 5:03 | Guard Tower |
| 5:11 | Boots of Speed |
| 5:26 | Staff of Teleportation |
| 5:32 | Scout Tower |
| 5:33 | Scout Tower |
| 5:34 | Scout Tower |
| 5:34 | Scout Tower |
| 5:39 | Guard Tower |
| 5:41 | Guard Tower |
| 5:42 | Guard Tower |
| 5:42 | Guard Tower |
| 6:11 | Brilliance Aura |
| 6:12 | Scout Tower |
| 6:12 | Guard Tower |
| 6:20 | Keep |
| 6:33 | Guard Tower |
| 6:34 | Guard Tower |
| 6:37 | Farm |
| 6:38 | Farm |
| 7:10 | Guard Tower |
| 7:11 | Scout Tower |
| 7:12 | Scout Tower |
| 7:13 | Scout Tower |
| 7:13 | Scout Tower |
| 7:15 | Improved Masonry |
| 7:21 | Guard Tower |
| 7:21 | Guard Tower |
| 7:23 | Scout Tower |
| 7:24 | Scout Tower |
| 7:42 | Guard Tower |
| 7:47 | Scout Tower |
| 7:48 | Scout Tower |
| 7:48 | Scout Tower |
| 7:56 | Guard Tower |
| 7:57 | Peasant |
| 7:58 | Peasant |
| 7:58 | Peasant |
| 7:59 | Peasant |
| 8:00 | Scout Tower |
| 8:01 | Scout Tower |
| 8:02 | Scout Tower |
| 8:02 | Scout Tower |
| 8:04 | Guard Tower |
| 8:10 | Guard Tower |
| 8:11 | Guard Tower |
| 8:14 | Scout Tower |
| 8:14 | Scout Tower |
| 8:15 | Scout Tower |
| 8:15 | Scout Tower |
| 8:16 | Scout Tower |
| 8:17 | Scout Tower |
| 8:17 | Guard Tower |
| 8:33 | Guard Tower |
| 8:40 | Guard Tower |
| 8:44 | Guard Tower |
| 8:47 | Advanced Masonry |
| 8:51 | Guard Tower |
| 8:54 | Guard Tower |
| 9:07 | Guard Tower |
| 9:09 | Scout Tower |
| 9:10 | Scout Tower |
| 9:13 | Guard Tower |
| 9:13 | Guard Tower |
| 9:38 | Guard Tower |
| 9:39 | Guard Tower |
| 9:40 | Scout Tower |
| 9:42 | Scout Tower |
| 9:44 | Storm Bolt |
| 10:00 | Castle |
| 10:00 | Guard Tower |
| 10:05 | Boots of Speed |
| 10:05 | Staff of Teleportation |
| 10:06 | Periapt of Vitality |
| 10:30 | Guard Tower |
| 10:33 | Arcane Vault |
| 10:35 | Arcane Vault |
| 10:36 | Guard Tower |
| 10:44 | Arcane Vault |
| 10:44 | Guard Tower |
| 10:48 | Peasant |
| 10:48 | Peasant |
| 10:49 | Peasant |
| 10:49 | Peasant |
| 10:49 | Peasant |
| 11:21 | Guard Tower |
| 11:40 | Improved Lumber Harvesting |
| 11:44 | Scout Tower |
| 11:45 | Scout Tower |
| 11:48 | Healing Salve |
| 12:02 | Scout Tower |
| 12:03 | Scout Tower |
| 12:10 | Guard Tower |
| 12:18 | Guard Tower |
| 12:23 | Scout Tower |
| 12:24 | Scout Tower |
| 12:37 | Arcane Vault |
| 12:41 | Imbued Masonry |
| 12:55 | Arcane Sanctum |
| 12:57 | Staff of Sanctuary |
| 13:08 | Guard Tower |
| 13:10 | Scout Tower |
| 13:10 | Scout Tower |
| 13:10 | Scout Tower |
| 13:11 | Scout Tower |
| 13:26 | Staff of Sanctuary |
| 13:35 | Guard Tower |
| 13:35 | Guard Tower |
| 13:37 | Scout Tower |
| 13:38 | Scout Tower |
| 13:38 | Scout Tower |
| 13:39 | Holy Light |
| 13:47 | Potion of Healing |
| 14:14 | Guard Tower |
| 14:16 | Scout Tower |
| 14:17 | Scout Tower |
| 14:18 | Scout Tower |
| 14:19 | Scout Tower |
| 14:19 | Scout Tower |
| 14:19 | Scout Tower |
| 14:29 | Peasant |
| 14:33 | Gryphon Aviary |
| 14:33 | Gryphon Aviary |
| 14:34 | Blacksmith |
| 14:35 | Barracks |
| 14:37 | Farm |
| 15:21 | Staff of Sanctuary |
| 15:23 | Potion of Mana |
| 15:28 | Scout Tower |
| 15:29 | Guard Tower |
| 15:29 | Guard Tower |
| 15:30 | Scout Tower |
| 15:31 | Scout Tower |
| 15:32 | Scout Tower |
| 15:33 | Guard Tower |
| 15:34 | Guard Tower |
| 15:38 | Scout Tower |
| 15:39 | Scout Tower |
| 15:53 | Magic Sentry |
| 15:53 | Priest |
| 15:59 | Guard Tower |
| 16:05 | Guard Tower |
| 16:06 | Guard Tower |
| 16:08 | Animal War Training |
| 16:09 | Iron Forged Swords |
| 16:09 | Studded Leather Armor |
| 16:10 | Dragonhawk Rider |
| 16:12 | Farm |
| 16:26 | Scout Tower |
| 16:27 | Scout Tower |
| 16:28 | Scout Tower |
| 16:38 | Guard Tower |
| 17:06 | Guard Tower |
| 17:10 | Dragonhawk Rider |
| 17:36 | Guard Tower |
| 17:38 | Scout Tower |
| 17:39 | Scout Tower |
| 17:43 | Guard Tower |
| 17:45 | Scout Tower |
| 17:46 | Scout Tower |
| 17:46 | Scout Tower |
| 17:50 | Guard Tower |
| 18:00 | Boots of Speed |
| 18:02 | Periapt of Vitality |
| 18:19 | Guard Tower |
| 18:26 | Guard Tower |
| 18:27 | Guard Tower |
| 18:39 | Orb of Venom |
| 19:09 | Cloud |
| 19:59 | Staff of Teleportation |
| 19:59 | Staff of Teleportation |
| 19:59 | Staff of Teleportation |
| 20:05 | Orb of Corruption |
| 21:43 | Dragonhawk Rider |
| 21:53 | Bash |
| 22:09 | Dragonhawk Rider |
| 22:17 | Dragonhawk Rider |
| 22:28 | Dragonhawk Rider |
| 23:41 | Steel Forged Swords |
| 23:41 | Reinforced Leather Armor |
| 24:27 | Blizzard |
| 25:32 | Dragonhawk Rider |
| 25:33 | Mithril Forged Swords |
| 25:39 | Divine Shield |
| 28:09 | Dragonhawk Rider |
| 28:19 | Arcane Tower |
| 28:46 | Dragonhide Armor |
| 29:41 | Dragonhawk Rider |
| 30:09 | Arcane Tower |
| 30:10 | Arcane Tower |
| 30:10 | Guard Tower |
| 31:28 | Peasant |
| 31:28 | Peasant |
| 31:28 | Peasant |
| 34:45 | Storm Bolt |
| 36:26 | Brilliance Aura |
| 39:30 | Holy Light |
| 42:56 | Bash |
| Right click | 4380 |
| Select | 1359 |
| Select group | 1163 |
| Build/train/purchase | 616 |
| Use ability | 202 |
| Chat | 174 |
| Assign group | 28 |
| Misc. action | 24 |
| Minimap ping | 9 |
| Resource trade | 6 |
| Remove unit | 4 |
| Item give/drop | 1 |


| Healing Salve | 4 | 400 |
| Lesser Clarity Potion | 3 | 210 |
| Orb of Lightning | 2 | 750 |
| Scroll of Town Portal | 2 | 700 |
| Circlet of Nobility | 1 | 175 |
| Staff of Teleportation | 2 | 300 |
| Boots of Speed | 2 | 500 |
| Staff of Sanctuary | 2 | 500 |
| total: | 18 | 3535g |
| Peon | 10 | 750 | / | 0 |
| Troll Batrider | 19 | 3040 | / | 760 |
| Kodo Beast | 1 | 255 | / | 60 |
| total: | 30 | 4045g | / | 820w |
| Watch Tower | 47 | 5170 | / | 3760 |
| Altar of Storms | 2 | 360 | / | 100 |
| Orc Burrow | 7 | 1120 | / | 280 |
| War Mill | 3 | 615 | / | 0 |
| Voodoo Lounge | 3 | 390 | / | 90 |
| Great Hall | 2 | 770 | / | 370 |
| Barracks | 1 | 180 | / | 50 |
| Beastiary | 4 | 580 | / | 560 |
| Stronghold | 1 | 315 | / | 190 |
| Fortress | 1 | 325 | / | 190 |
| total: | 69 | 9185g | / | 5210w |
| 0:04 | Peon |
| 0:05 | Peon |
| 0:08 | Altar of Storms |
| 0:11 | Orc Burrow |
| 0:20 | Peon |
| 0:34 | War Mill |
| 0:42 | Peon |
| 0:52 | Peon |
| 1:12 | Voodoo Lounge |
| 1:21 | Peon |
| 1:30 | Peon |
| 1:48 | Peon |
| 2:00 | Watch Tower |
| 2:03 | Watch Tower |
| 2:08 | Peon |
| 2:15 | Wind Walk |
| 2:20 | Spiked Barricades |
| 2:22 | Peon |
| 2:34 | Circlet of Nobility |
| 3:04 | Stronghold |
| 3:32 | Watch Tower |
| 3:33 | Watch Tower |
| 4:15 | Staff of Teleportation |
| 4:16 | Boots of Speed |
| 4:34 | Healing Salve |
| 4:34 | Lesser Clarity Potion |
| 4:38 | Watch Tower |
| 4:39 | Watch Tower |
| 5:31 | Orc Burrow |
| 5:39 | Great Hall |
| 5:45 | Beastiary |
| 5:49 | Beastiary |
| 5:51 | Reinforced Defenses |
| 5:55 | Watch Tower |
| 6:05 | Watch Tower |
| 6:24 | Watch Tower |
| 6:59 | Troll Batrider |
| 7:03 | Orc Burrow |
| 7:04 | Orc Burrow |
| 7:13 | Watch Tower |
| 7:37 | Watch Tower |
| 7:41 | Watch Tower |
| 7:42 | Watch Tower |
| 7:57 | Fortress |
| 8:08 | Troll Batrider |
| 8:12 | Critical Strike |
| 8:16 | Watch Tower |
| 8:20 | Hex |
| 8:42 | Troll Batrider |
| 8:54 | Watch Tower |
| 9:09 | Watch Tower |
| 9:46 | Watch Tower |
| 9:48 | Troll Batrider |
| 9:50 | Watch Tower |
| 9:58 | Boots of Speed |
| 10:04 | Watch Tower |
| 10:39 | Liquid Fire |
| 10:40 | Troll Batrider |
| 11:43 | Healing Salve |
| 11:46 | Lesser Clarity Potion |
| 11:48 | Orb of Lightning |
| 11:56 | Watch Tower |
| 11:57 | Watch Tower |
| 11:57 | Watch Tower |
| 12:03 | Watch Tower |
| 12:18 | Steel Ranged Weapons |
| 12:32 | Watch Tower |
| 13:27 | Troll Batrider |
| 13:34 | Healing Salve |
| 13:38 | Watch Tower |
| 13:38 | Watch Tower |
| 13:39 | Watch Tower |
| 13:39 | Watch Tower |
| 14:14 | Troll Batrider |
| 14:18 | Watch Tower |
| 14:30 | Thorium Ranged Weapons |
| 15:16 | Watch Tower |
| 15:20 | Watch Tower |
| 15:21 | Watch Tower |
| 15:21 | Watch Tower |
| 15:22 | Watch Tower |
| 15:22 | Watch Tower |
| 15:47 | Troll Batrider |
| 16:17 | Scroll of Town Portal |
| 16:19 | Orb of Lightning |
| 16:31 | Watch Tower |
| 16:32 | Watch Tower |
| 16:32 | Watch Tower |
| 16:32 | Watch Tower |
| 16:47 | Arcanite Ranged Weapons |
| 17:10 | Healing Wave |
| 17:40 | Watch Tower |
| 17:40 | Watch Tower |
| 17:41 | Watch Tower |
| 18:05 | Watch Tower |
| 18:31 | Watch Tower |
| 19:21 | Staff of Sanctuary |
| 19:30 | Barracks |
| 19:31 | Steel Armor |
| 19:40 | Troll Batrider |
| 19:40 | Troll Batrider |
| 20:44 | Wind Walk |
| 20:53 | Troll Batrider |
| 20:53 | Troll Batrider |
| 21:01 | Thorium Armor |
| 21:02 | Troll Regeneration |
| 21:12 | Watch Tower |
| 21:13 | Watch Tower |
| 21:15 | Watch Tower |
| 22:15 | Kodo Beast |
| 22:21 | Voodoo Lounge |
| 23:21 | Beastiary |
| 23:21 | Beastiary |
| 23:24 | Voodoo Lounge |
| 23:26 | Orc Burrow |
| 23:28 | War Mill |
| 23:30 | War Mill |
| 23:40 | Staff of Sanctuary |
| 23:48 | Troll Batrider |
| 23:50 | Troll Batrider |
| 25:22 | Staff of Teleportation |
| 25:26 | Scroll of Town Portal |
| 26:11 | Troll Batrider |
| 26:11 | Troll Batrider |
| 26:14 | Altar of Storms |
| 27:02 | Lesser Clarity Potion |
| 27:04 | Healing Salve |
| 28:32 | Troll Batrider |
| 28:32 | Troll Batrider |
| 28:32 | Troll Batrider |
| 28:48 | Arcanite Armor |
| 34:29 | Hex |
| 36:43 | Great Hall |
| 36:49 | Critical Strike |
| 39:38 | Healing Wave |
| 39:53 | Orc Burrow |
| 39:54 | Orc Burrow |
| 42:03 | Wind Walk |
| Right click | 3730 |
| Select group | 1978 |
| Select | 354 |
| Chat | 289 |
| Build/train/purchase | 178 |
| Use ability | 152 |
| Minimap ping | 28 |
| Assign group | 23 |
| Misc. action | 21 |
| Item give/drop | 7 |
| Esc | 1 |
203 units @ 31.3k
/ 5.9k
125 buildings @ 20.7k
/ 9.5k
Infinite
(44:02) : 
| Dust of Appearance | 1 | 75 |
| Scroll of Healing | 1 | 250 |
| Boots of Speed | 1 | 250 |
| Potion of Lesser Invulnerability | 2 | 300 |
| total: | 5 | 875g |
| Wisp | 64 | 3840 | / | 0 |
| Glaive Thrower | 8 | 1680 | / | 520 |
| Grunt | 1 | 200 | / | 0 |
| Demolisher | 1 | 220 | / | 50 |
| Troll Batrider | 13 | 2080 | / | 520 |
| total: | 87 | 8020g | / | 1090w |
| Ancient Protector | 19 | 2565 | / | 1520 |
| Altar of Elders | 3 | 540 | / | 150 |
| Moon Well | 9 | 1620 | / | 360 |
| Tree of Life | 5 | 1700 | / | 925 |
| Ancient of War | 2 | 300 | / | 120 |
| Hunter's Hall | 2 | 420 | / | 200 |
| Orc Burrow | 1 | 160 | / | 40 |
| Beastiary | 1 | 145 | / | 140 |
| Spirit Lodge | 1 | 150 | / | 150 |
| Fortress | 1 | 325 | / | 190 |
| total: | 43 | 7600g | / | 3605w |
| 0:02 | Altar of Elders |
| 0:03 | Wisp |
| 0:03 | Wisp |
| 0:04 | Altar of Elders |
| 0:21 | Moon Well |
| 0:29 | Wisp |
| 0:43 | Wisp |
| 0:50 | Wisp |
| 1:01 | Wisp |
| 1:35 | Wisp |
| 1:42 | Wisp |
| 2:13 | Wisp |
| 2:13 | Wisp |
| 2:34 | Wisp |
| 3:03 | Shadow Strike |
| 3:24 | Wisp |
| 3:25 | Wisp |
| 4:00 | Wisp |
| 4:00 | Wisp |
| 4:04 | Tree of Life |
| 4:09 | Wisp |
| 4:43 | Moon Well |
| 5:01 | Wisp |
| 5:01 | Wisp |
| 5:08 | Boots of Speed |
| 5:29 | Moon Well |
| 5:53 | Beastiary |
| 5:54 | Spirit Lodge |
| 6:00 | Wisp |
| 6:00 | Wisp |
| 6:09 | Grunt |
| 6:23 | Moon Well |
| 6:24 | Moon Well |
| 6:28 | Wisp |
| 6:28 | Wisp |
| 6:59 | Wisp |
| 7:11 | Endurance Aura |
| 7:27 | Fortress |
| 7:28 | Witch Doctor Adept Training |
| 7:31 | Ensnare |
| 7:34 | Orc Burrow |
| 8:01 | Tree of Life |
| 8:14 | Wisp |
| 8:14 | Wisp |
| 8:41 | Ancient of War |
| 8:49 | Demolisher |
| 9:00 | Ancient of War |
| 9:25 | Wisp |
| 9:46 | Hunter's Hall |
| 9:47 | Wisp |
| 9:47 | Wisp |
| 9:47 | Wisp |
| 9:47 | Wisp |
| 9:56 | Feral Spirit |
| 10:24 | Blink |
| 10:37 | Wisp |
| 10:37 | Wisp |
| 10:39 | Wisp |
| 10:39 | Wisp |
| 10:39 | Wisp |
| 10:39 | Wisp |
| 10:40 | Wisp |
| 10:51 | Glaive Thrower |
| 10:51 | Glaive Thrower |
| 11:19 | Glaive Thrower |
| 11:57 | Potion of Lesser Invulnerability |
| 12:00 | Dust of Appearance |
| 12:11 | Glaive Thrower |
| 12:12 | Glaive Thrower |
| 12:12 | Glaive Thrower |
| 12:25 | Glaive Thrower |
| 12:50 | Ancient Protector |
| 12:51 | Ancient Protector |
| 12:51 | Ancient Protector |
| 12:52 | Wisp |
| 12:52 | Wisp |
| 12:53 | Wisp |
| 12:54 | Wisp |
| 13:34 | War Stomp |
| 13:48 | Glaive Thrower |
| 13:51 | Ancient Protector |
| 13:51 | Ancient Protector |
| 15:28 | Ancient Protector |
| 18:30 | Troll Batrider |
| 18:31 | Troll Batrider |
| 18:31 | Troll Batrider |
| 20:11 | Troll Batrider |
| 20:11 | Troll Batrider |
| 20:58 | Moon Well |
| 20:58 | Moon Well |
| 21:00 | Moon Well |
| 21:10 | Troll Batrider |
| 21:11 | Troll Batrider |
| 21:11 | Troll Batrider |
| 24:09 | Troll Batrider |
| 24:09 | Troll Batrider |
| 24:37 | Shadow Strike |
| 26:08 | Tree of Life |
| 26:19 | Tree of Life |
| 28:43 | Wisp |
| 28:44 | Wisp |
| 28:44 | Wisp |
| 28:44 | Wisp |
| 28:45 | Wisp |
| 29:02 | Wisp |
| 29:02 | Wisp |
| 29:08 | Wisp |
| 29:09 | Wisp |
| 29:09 | Wisp |
| 29:09 | Wisp |
| 29:10 | Wisp |
| 29:58 | Hunter's Hall |
| 30:35 | Troll Batrider |
| 30:35 | Troll Batrider |
| 31:05 | Ancient Protector |
| 31:06 | Wisp |
| 31:09 | Ancient Protector |
| 31:09 | Ancient Protector |
| 31:11 | Ancient Protector |
| 31:12 | Wisp |
| 31:12 | Wisp |
| 31:12 | Wisp |
| 32:03 | Ancient Protector |
| 32:19 | Potion of Lesser Invulnerability |
| 32:19 | Scroll of Healing |
| 33:43 | Ancient Protector |
| 33:44 | Ancient Protector |
| 33:44 | Ancient Protector |
| 36:21 | Altar of Elders |
| 36:37 | Tree of Life |
| 36:44 | Ancient Protector |
| 36:45 | Ancient Protector |
| 36:46 | Ancient Protector |
| 36:48 | Ancient Protector |
| 36:49 | Ancient Protector |
| 37:55 | Moon Well |
| 38:26 | Troll Batrider |
| 38:54 | Wisp |
| 38:54 | Wisp |
| 38:54 | Wisp |
| 38:55 | Wisp |
| 38:55 | Wisp |
| 39:52 | Wisp |
| 39:53 | Wisp |
| 41:55 | Chain Lighting |
| Right click | 2730 |
| Select | 752 |
| Select group | 740 |
| Resource trade | 290 |
| Build/train/purchase | 227 |
| Chat | 226 |
| Use ability | 146 |
| Assign group | 105 |
| Minimap ping | 17 |
| Misc. action | 3 |
| Esc | 3 |



| Rod of Necromancy | 3 | 450 |
| Sacrificial Skull | 1 | 50 |
| Ritual Dagger | 1 | 125 |
| Orb of Corruption | 2 | 750 |
| Potion of Mana | 1 | 200 |
| Scroll of Town Portal | 4 | 1400 |
| Scroll of Healing | 1 | 250 |
| Potion of Lesser Invulnerability | 1 | 150 |
| total: | 14 | 3375g |
| Acolyte | 9 | 675 | / | 0 |
| Ghoul | 4 | 480 | / | 0 |
| Crypt Fiend | 5 | 1075 | / | 200 |
| Frost Wyrm | 5 | 1925 | / | 600 |
| Meat Wagon | 6 | 1380 | / | 300 |
| Obsidian Statue | 2 | 400 | / | 70 |
| total: | 31 | 5935g | / | 1170w |
| Nerubian Tower | 1 | 100 | / | 20 |
| Spirit Tower | 4 | 580 | / | 160 |
| Crypt | 2 | 400 | / | 100 |
| Graveyard | 1 | 215 | / | 0 |
| Altar of Darkness | 1 | 180 | / | 50 |
| Ziggurat | 9 | 1350 | / | 450 |
| Tomb of Relics | 2 | 260 | / | 60 |
| Necropolis | 3 | 675 | / | 0 |
| Sacrificial Pit | 1 | 75 | / | 150 |
| Slaughterhouse | 1 | 140 | / | 135 |
| Boneyard | 2 | 350 | / | 400 |
| Halls of the Dead | 1 | 320 | / | 210 |
| Black Citadel | 1 | 325 | / | 230 |
| total: | 22 | 3645g | / | 1345w |
| 0:04 | Acolyte |
| 0:08 | Crypt |
| 0:11 | Graveyard |
| 0:19 | Acolyte |
| 0:43 | Altar of Darkness |
| 0:58 | Ziggurat |
| 1:11 | Ghoul |
| 1:26 | Tomb of Relics |
| 1:49 | Crypt Fiend |
| 1:59 | Ziggurat |
| 2:20 | Crypt Fiend |
| 2:48 | Rod of Necromancy |
| 2:49 | Sacrificial Skull |
| 2:53 | Ghoul |
| 3:00 | Acolyte |
| 3:04 | Death Coil |
| 3:43 | Ziggurat |
| 3:46 | Acolyte |
| 3:53 | Acolyte |
| 3:59 | Unholy Aura |
| 4:03 | Acolyte |
| 4:04 | Acolyte |
| 4:35 | Acolyte |
| 4:40 | Nerubian Tower |
| 4:43 | Crypt Fiend |
| 4:59 | Rod of Necromancy |
| 5:22 | Halls of the Dead |
| 5:30 | Ziggurat |
| 5:36 | Ghoul |
| 5:41 | Death Coil |
| 5:49 | Crypt |
| 5:51 | Ghoul |
| 6:05 | Creature Attack |
| 6:24 | Crypt Fiend |
| 6:26 | Spirit Tower |
| 6:29 | Necropolis |
| 6:33 | Ziggurat |
| 7:16 | Crypt Fiend |
| 7:24 | Spirit Tower |
| 7:26 | Ritual Dagger |
| 7:27 | Rod of Necromancy |
| 7:43 | Black Citadel |
| 8:02 | Sacrificial Pit |
| 8:12 | Burrow |
| 8:13 | Web |
| 8:29 | Unholy Aura |
| 8:35 | Ziggurat |
| 8:48 | Improved Creature Attack |
| 8:56 | Frost Nova |
| 9:00 | Tomb of Relics |
| 10:16 | Rain of Fire |
| 10:47 | Boneyard |
| 10:47 | Boneyard |
| 11:00 | Scroll of Town Portal |
| 11:15 | Orb of Corruption |
| 11:15 | Potion of Mana |
| 11:15 | Scroll of Town Portal |
| 11:22 | Slaughterhouse |
| 11:57 | Frost Armor |
| 12:17 | Frost Wyrm |
| 12:19 | Freezing Breath |
| 12:34 | Meat Wagon |
| 12:34 | Meat Wagon |
| 13:36 | Orb of Corruption |
| 13:36 | Scroll of Town Portal |
| 13:40 | Cleaving Attack |
| 13:44 | Disease Cloud |
| 13:54 | Spirit Tower |
| 14:07 | Potion of Lesser Invulnerability |
| 14:20 | Unholy Strength |
| 15:01 | Meat Wagon |
| 15:01 | Meat Wagon |
| 15:40 | Meat Wagon |
| 15:57 | Improved Unholy Strength |
| 16:25 | Acolyte |
| 17:34 | Ziggurat |
| 17:35 | Ziggurat |
| 17:35 | Ziggurat |
| 17:48 | Advanced Unholy Strength |
| 17:52 | Necropolis |
| 18:06 | Spirit Tower |
| 20:50 | Frost Nova |
| 22:43 | Death Coil |
| 24:19 | Frost Wyrm |
| 24:57 | Rain of Fire |
| 26:14 | Frost Wyrm |
| 27:05 | Obsidian Statue |
| 27:05 | Obsidian Statue |
| 29:37 | Frost Wyrm |
| 30:21 | Advanced Creature Attack |
| 30:21 | Creature Carapace |
| 31:47 | Frost Wyrm |
| 34:19 | Dark Ritual |
| 34:31 | Meat Wagon |
| 35:07 | Necropolis |
| 35:59 | Scroll of Town Portal |
| 36:00 | Scroll of Healing |
| 38:57 | Improved Creature Carapace |
| Right click | 3011 |
| Select group | 1676 |
| Select | 592 |
| Build/train/purchase | 105 |
| Assign group | 89 |
| Use ability | 84 |
| Misc. action | 33 |
| Minimap ping | 30 |
| Item give/drop | 10 |
| Remove unit | 9 |
| Resource trade | 6 |



| Rod of Necromancy | 4 | 600 |
| Sacrificial Skull | 1 | 50 |
| Orb of Corruption | 1 | 375 |
| Potion of Healing | 4 | 600 |
| Dust of Appearance | 3 | 225 |
| Scroll of Town Portal | 3 | 1050 |
| total: | 16 | 2900g |
| Acolyte | 7 | 525 | / | 0 |
| Ghoul | 3 | 360 | / | 0 |
| Crypt Fiend | 6 | 1290 | / | 240 |
| Frost Wyrm | 15 | 5775 | / | 1800 |
| Obsidian Statue | 5 | 1000 | / | 175 |
| Meat Wagon | 3 | 690 | / | 150 |
| Grunt | 1 | 200 | / | 0 |
| Kodo Beast | 5 | 1275 | / | 300 |
| Troll Witch Doctor | 11 | 1595 | / | 275 |
| Demolisher | 7 | 1540 | / | 350 |
| Peon | 2 | 150 | / | 0 |
| Raider | 9 | 1620 | / | 360 |
| total: | 74 | 16020g | / | 3650w |
| Nerubian Tower | 1 | 100 | / | 20 |
| Spirit Tower | 5 | 725 | / | 200 |
| Crypt | 1 | 200 | / | 50 |
| Graveyard | 1 | 215 | / | 0 |
| Ziggurat | 16 | 2400 | / | 800 |
| Altar of Darkness | 1 | 180 | / | 50 |
| Tomb of Relics | 1 | 130 | / | 30 |
| Sacrificial Pit | 1 | 75 | / | 150 |
| Slaughterhouse | 1 | 140 | / | 135 |
| Boneyard | 2 | 350 | / | 400 |
| Halls of the Dead | 1 | 320 | / | 210 |
| Black Citadel | 1 | 325 | / | 230 |
| Watch Tower | 20 | 2200 | / | 1600 |
| Great Hall | 4 | 1540 | / | 740 |
| Orc Burrow | 3 | 480 | / | 120 |
| Barracks | 1 | 180 | / | 50 |
| Beastiary | 1 | 145 | / | 140 |
| total: | 53 | 8235g | / | 4265w |
| 0:01 | Acolyte |
| 0:08 | Crypt |
| 0:10 | Graveyard |
| 0:16 | Acolyte |
| 0:35 | Ziggurat |
| 0:43 | Altar of Darkness |
| 1:10 | Ghoul |
| 1:21 | Halls of the Dead |
| 1:34 | Tomb of Relics |
| 1:44 | Crypt Fiend |
| 1:48 | Ziggurat |
| 1:51 | Ziggurat |
| 2:00 | Nerubian Tower |
| 2:03 | Crypt Fiend |
| 2:25 | Ziggurat |
| 2:30 | Crypt Fiend |
| 2:41 | Death Coil |
| 2:43 | Rod of Necromancy |
| 2:43 | Sacrificial Skull |
| 2:43 | Dust of Appearance |
| 3:16 | Crypt Fiend |
| 3:18 | Creature Attack |
| 3:43 | Black Citadel |
| 3:53 | Unholy Aura |
| 4:17 | Rod of Necromancy |
| 4:49 | Sacrificial Pit |
| 4:50 | Ghoul |
| 5:10 | Crypt Fiend |
| 5:13 | Grunt |
| 5:41 | Frost Nova |
| 5:43 | Ghoul |
| 5:45 | Ziggurat |
| 5:46 | Ziggurat |
| 6:02 | Death Coil |
| 6:07 | Orb of Corruption |
| 6:07 | Rod of Necromancy |
| 6:12 | Boneyard |
| 6:18 | Boneyard |
| 6:50 | Acolyte |
| 7:26 | Frost Wyrm |
| 7:29 | Burrow |
| 7:59 | Great Hall |
| 8:06 | Frost Wyrm |
| 8:17 | Impale |
| 8:24 | Freezing Breath |
| 8:25 | Ziggurat |
| 8:26 | Ziggurat |
| 8:29 | Creature Carapace |
| 8:48 | Kodo Beast |
| 8:49 | Kodo Beast |
| 8:51 | Troll Witch Doctor |
| 8:55 | Orc Burrow |
| 9:09 | Web |
| 9:10 | Improved Creature Attack |
| 9:37 | Frost Wyrm |
| 9:50 | Scroll of Town Portal |
| 9:51 | Dust of Appearance |
| 9:54 | Potion of Healing |
| 10:10 | War Drums Damage Increase |
| 10:11 | Witch Doctor Adept Training |
| 10:37 | Frost Wyrm |
| 10:55 | Acolyte |
| 11:46 | Potion of Healing |
| 11:50 | Scroll of Town Portal |
| 12:29 | Great Hall |
| 12:31 | Kodo Beast |
| 12:32 | Troll Witch Doctor |
| 12:32 | Troll Witch Doctor |
| 12:36 | Barracks |
| 12:38 | Orc Burrow |
| 12:39 | Orc Burrow |
| 12:43 | Burning Oil |
| 12:43 | Demolisher |
| 13:38 | Frost Wyrm |
| 13:43 | Frost Wyrm |
| 14:07 | Slaughterhouse |
| 14:13 | Scroll of Town Portal |
| 14:18 | Kodo Beast |
| 14:19 | Troll Witch Doctor |
| 14:20 | Troll Witch Doctor |
| 14:21 | Demolisher |
| 14:26 | Potion of Healing |
| 14:34 | Spirit Tower |
| 14:35 | Spirit Tower |
| 14:36 | Spirit Tower |
| 14:38 | Spirit Tower |
| 14:44 | Reinforced Defenses |
| 14:45 | Watch Tower |
| 14:49 | Watch Tower |
| 14:54 | Watch Tower |
| 14:59 | Frost Armor |
| 15:50 | Unholy Aura |
| 16:03 | Obsidian Statue |
| 16:04 | Destroyer Form |
| 16:06 | Improved Creature Carapace |
| 16:09 | Peon |
| 16:09 | Peon |
| 16:11 | Kodo Beast |
| 16:14 | Watch Tower |
| 16:15 | Watch Tower |
| 16:19 | Watch Tower |
| 16:24 | Watch Tower |
| 16:44 | Spirit Tower |
| 17:32 | Spiked Carapace |
| 17:42 | Demolisher |
| 17:42 | Demolisher |
| 17:49 | Great Hall |
| 17:53 | Great Hall |
| 17:55 | Watch Tower |
| 17:56 | Watch Tower |
| 17:56 | Watch Tower |
| 17:58 | Watch Tower |
| 18:31 | Frost Wyrm |
| 18:31 | Frost Wyrm |
| 18:32 | Advanced Creature Attack |
| 18:34 | Obsidian Statue |
| 18:35 | Meat Wagon |
| 19:14 | Troll Witch Doctor |
| 19:16 | Watch Tower |
| 19:17 | Watch Tower |
| 19:56 | Ziggurat |
| 19:57 | Ziggurat |
| 20:48 | Advanced Creature Carapace |
| 22:13 | Frost Nova |
| 22:20 | Frost Wyrm |
| 22:22 | Obsidian Statue |
| 22:29 | Ziggurat |
| 25:35 | Impale |
| 26:08 | Frost Wyrm |
| 26:46 | Raider |
| 26:47 | Raider |
| 26:51 | Troll Witch Doctor |
| 26:54 | Beastiary |
| 27:13 | Frost Wyrm |
| 27:15 | Obsidian Statue |
| 27:20 | Frost Wyrm |
| 28:10 | Dust of Appearance |
| 28:11 | Potion of Healing |
| 28:11 | Rod of Necromancy |
| 28:39 | Raider |
| 28:41 | Troll Witch Doctor |
| 28:43 | Demolisher |
| 29:03 | Meat Wagon |
| 29:59 | Meat Wagon |
| 30:08 | Ziggurat |
| 30:10 | Ziggurat |
| 30:11 | Ziggurat |
| 30:13 | Ziggurat |
| 30:15 | Ziggurat |
| 30:33 | Watch Tower |
| 30:35 | Watch Tower |
| 31:51 | Obsidian Statue |
| 31:52 | Frost Wyrm |
| 31:56 | Troll Witch Doctor |
| 31:56 | Troll Witch Doctor |
| 32:33 | War Stomp |
| 33:36 | Raider |
| 33:36 | Raider |
| 34:03 | Death Coil |
| 34:42 | Frost Wyrm |
| 34:53 | Acolyte |
| 35:12 | Raider |
| 35:17 | Demolisher |
| 35:47 | Berserker Upgrade |
| 35:47 | Troll Regeneration |
| 36:53 | Frost Armor |
| 37:32 | Frost Wyrm |
| 37:34 | Crypt Fiend |
| 37:50 | Raider |
| 37:52 | Demolisher |
| 38:14 | Watch Tower |
| 38:14 | Watch Tower |
| 38:17 | Acolyte |
| 38:17 | Acolyte |
| 40:00 | Watch Tower |
| 40:01 | Watch Tower |
| 40:03 | Watch Tower |
| 40:40 | Raider |
| 40:40 | Raider |
| 40:42 | Troll Witch Doctor |
| Right click | 2707 |
| Select | 838 |
| Select group | 619 |
| Build/train/purchase | 275 |
| Assign group | 211 |
| Use ability | 159 |
| Chat | 72 |
| Resource trade | 41 |
| Minimap ping | 38 |
| Misc. action | 17 |
| Esc | 12 |
| Item give/drop | 4 |

| Healing Salve | 1 | 100 |
| total: | 1 | 100g |
| Peon | 7 | 525 | / | 0 |
| Grunt | 4 | 800 | / | 0 |
| total: | 11 | 1325g | / | 0w |
| Altar of Storms | 1 | 180 | / | 50 |
| Orc Burrow | 3 | 480 | / | 120 |
| Barracks | 1 | 180 | / | 50 |
| Voodoo Lounge | 1 | 130 | / | 30 |
| War Mill | 1 | 205 | / | 0 |
| Stronghold | 1 | 315 | / | 190 |
| total: | 7 | 1175g | / | 250w |
| 0:02 | Peon |
| 0:06 | Altar of Storms |
| 0:09 | Orc Burrow |
| 0:15 | Peon |
| 0:52 | Barracks |
| 0:55 | Peon |
| 1:33 | Peon |
| 1:55 | Grunt |
| 1:57 | Orc Burrow |
| 2:00 | Peon |
| 2:11 | Feral Spirit |
| 2:25 | Peon |
| 2:45 | Peon |
| 2:48 | Grunt |
| 3:03 | Stronghold |
| 3:14 | Voodoo Lounge |
| 3:23 | War Mill |
| 3:31 | Grunt |
| 4:29 | Chain Lighting |
| 4:40 | Healing Salve |
| 4:47 | Orc Burrow |
| 4:50 | Grunt |
| Right click | 87 |
| Select | 73 |
| Select group | 26 |
| Build/train/purchase | 18 |
| Assign group | 8 |
| Misc. action | 4 |
| Use ability | 3 |
⇛